 Dungeon Crawl Stone Soup version 0.22-b1-21-g5cfc168 (webtiles) character file.

12876 poirepourri the Blocker (level 11, -2/108 HPs)
             Began as a Deep Dwarf Fighter on Aug 3, 2018.
             Was the Champion of Makhleb.
             Slain by a troll (5 damage)
             ... on level 12 of the Dungeon.
             The game lasted 00:13:40 (9449 turns).

poirepourri the Blocker (Deep Dwarf Fighter)        Turns: 9449, Time: 00:13:40

Health: -2/108     AC: 13    Str: 20    XL:     11   Next: 68%
Magic:  6/6        EV: 12    Int:  9    God:    Makhleb [******]
Gold:   194        SH: 14    Dex: 15    Spells: 10/10 levels left

rFire    + . .     SeeInvis .   a - +2 war axe
rCold    x . .     Gourm    .   c - +1 shield
rNeg     . . .     Faith    .   b - +0 scale mail
rPois    .         Spirit   .   n - +1 helmet
rElec    .         Reflect  .   r - +0 cloak
rCorr    +         Harm     .   v - +0 pair of gloves
MR       +....                  o - +1 pair of boots
Stlth    ..........             e - amulet of the acrobat
HPRegen  0.00/turn              h - ring of resist corrosion
MPRegen  0.10/turn              u - ring of fire

@: non-regenerating
A: damage resistance, heal wounds, sense surroundings 2, no regeneration
a: Heal Wounds, Minor Destruction, Lesser Servant of Makhleb, Major Destruction,
Greater Servant of Makhleb, Renounce Religion


You were on level 12 of the Dungeon.
You worshipped Makhleb.
Makhleb was exalted by your worship.
You were not hungry.

You visited 2 branches of the dungeon, and saw 12 of its levels.
You also visited: Sewer and Bailey.

You collected 194 gold pieces.

Inventory:

Hand Weapons
 a - a +2 war axe (weapon)
Missiles
 g - 35 bolts
 y - 4 javelins (quivered)
Armour
 b - a +0 scale mail (worn)
 c - a +1 shield (worn)
 d - the cursed +0 leather armour "Vicur Xideul" {rElec, unknown}
   (You found it on level 8 of the Dungeon)

   It insulates you from electricity.
   It has a curse placed upon it.
 n - a +1 helmet (worn)
 o - a +1 pair of boots (worn)
 r - a +0 cloak (worn)
 v - a +0 pair of gloves (worn)
Jewellery
 e - an amulet of the acrobat (around neck)
 h - a ring of resist corrosion (left hand)
 p - a cursed ring of attention {unknown}
 u - a ring of fire (right hand)
 E - a cursed ring of attention {unknown}
Wands
 f - a wand of flame (25)
 i - a wand of paralysis (5)
 B - a wand of disintegration (12)
Scrolls
 k - 7 scrolls of teleportation
 l - 4 scrolls of remove curse
 s - a scroll of amnesia
 A - a scroll of enchant weapon
 F - a scroll of identify
Potions
 j - 5 potions of haste
 m - a potion of cancellation
 q - a potion of agility
 t - a potion of mutation {unknown}
 w - 2 potions of resistance
 x - a potion of magic {unknown}
 z - a potion of flight {unknown}
 D - 2 potions of curing
 G - a potion of might
Comestibles
 C - 5 rations
 H - 8 chunks of flesh


   Skills:
 + Level 10.0 Fighting
 - Level 11.3 Axes
 - Level 3.2 Armour
 - Level 5.3 Dodging
 - Level 12.1 Shields


You had 10 spell levels left.
You didn't know any spells.
Your spell library was empty.

Dungeon Overview and Level Annotations

Branches:
Dungeon (10/15)            Temple (1/1) D:4            Lair (0/6) D:8
    Orc (0/2) D:10

Altars:
Ashenzari
Cheibriados
Dithmenos
Elyvilon
Fedhas
Gozag
Hepliaklqana
Kikubaaqudgha
Makhleb
Nemelex Xobeh
Okawaru
Qazlal
Ru
Sif Muna
Trog
Uskayaw
Vehumet
Wu Jian
Xom
Yredelemnul
Zin
The Shining One

Annotations:
D:8 Maurice


Innate Abilities, Weirdness & Mutations

You are resistant to damage.
You can heal yourself by infusing magical energy.
You passively map the area around you.
You do not regenerate.


Message History

The white ugly thing barely misses you. You block the troll's attack.
The troll claws you but does no damage. The troll misses you.
The sky beast hits you but does no damage.
You hit the sky beast.
The sky beast is almost dead.
You slash the white ugly thing! You hit the troll.
You block the white ugly thing's attack.
You block the troll's attack. The troll claws you.
* * * LOW HITPOINT WARNING * * *
The troll barely misses you.
The sky beast hits you but does no damage.
Unknown command.
Your magical essence is drained by the effort!
You feel much better. The white ugly thing trunk-slaps you.
The white ugly thing freezes you!!!
You feel a terrible chill!
* * * LOW HITPOINT WARNING * * *
You block the troll's attack. The troll claws you.
* * * LOW HITPOINT WARNING * * *
The troll claws you!
You die...

#######.## ....# #.#
########### ....# #.#
#.........# ....###.#
#.........# ........#
#.........# ..##.####
##.........# ..##.#
#..........#
..##.########...uT.....#
..##.##.........@Y.....#
#.##.##.######..########
..##.##.# #..##
........#####.###
................#
.....########.#...#
##...# #.#....# ##...##
... #### ##....#*# ..##


You could see a white ugly thing, a troll and a sky beast.

Vanquished Creatures
  A two-headed ogre (D:10)
  A tengu warrior (D:12)
  A centaur zombie (D:10)
  A tengu conjurer (D:12)
  2 trolls
  4 hippogriffs
  Sigmund (D:5)
  4 yaks (D:12)
  4 vampire mosquitoes (D:12)
  A basilisk (D:12)
  2 hungry ghosts (D:7)
  2 steam dragons (D:6)
  2 porcupines (D:8)
  2 water moccasins
  Purgy (Sewer)
  11 orc warriors
  3 ice beasts
  A sky beast (D:10)
  9 ogres
  2 phantoms
  6 centaurs
  A crocodile (D:8)
  Blork the orc (D:9)
  2 bullfrogs
  A gnoll sergeant (D:7)
  A wyvern zombie (D:12)
  A wyvern skeleton (D:12)
  2 scorpions
  27 killer bees
  9 wights (D:7)
  2 crimson imps
  2 quasits (D:9)
  5 hounds
  4 centaur skeletons
  A jelly (D:7)
  11 orc wizards
  9 orc priests
  5 iguanas
  6 worker ants
  Natasha (thrice) (D:4 D:7)
  A killer bee zombie (D:5)
  2 hound zombies
  A howler monkey zombie (D:8)
  2 worker ant zombies
  A howler monkey skeleton (D:4)
  17 adders
  19 gnolls
  A river rat (D:6)
  2 shadow imps
  2 oozes
  An adder zombie (D:8)
  2 adder skeletons
  3 worms
  2 dart slugs
  8 leopard geckos
  77 orcs
  A ball python (D:1)
  8 bats
  8 giant cockroaches
  20 goblins
  21 hobgoblins
  4 jackals
  2 quokkas
  A frilled lizard (D:3)
  11 kobolds
  2 quokka skeletons
  5 rats
  7 fungi (D:8)
385 creatures vanquished.

Vanquished Creatures (others)
  4 fungi (D:8)
  2 plants (D:8)
6 creatures vanquished.

Grand Total: 391 creatures vanquished

Notes
Turn   | Place    | Note
-------+----------+-------------------------------------------
     0 | D:1      | poirepourri the Deep Dwarf Fighter began the quest for the Orb.
     0 | D:1      | Reached XP level 1. HP: 20/20 MP: 1/1
   322 | D:1      | Reached XP level 2. HP: 18/27 MP: 2/2
   802 | D:2      | Reached XP level 3. HP: 23/33 MP: 3/3
  1060 | D:2      | Found a shimmering altar of Xom.
  1584 | D:3      | Found a sacrificial altar of Ru.
  1635 | D:3      | Reached XP level 4. HP: 21/40 MP: 4/4
  1756 | D:3      | Reached skill level 5 in Axes
  1856 | D:3      | Found a stormy altar of Qazlal.
  2244 | D:3      | Reached XP level 5. HP: 33/46 MP: 5/5
  2463 | D:4      | Noticed an ogre
  2481 | D:4      | Killed an ogre
  2481 | D:4      | Reached XP level 6. HP: 51/55 MP: 6/6
  2648 | D:4      | Noticed Natasha
  2661 | D:4      | Killed Natasha
  2673 | D:4      | Found a staircase to the Ecumenical Temple.
  2685 | Temple   | Entered the Ecumenical Temple
  2899 | Temple   | Became a worshipper of Makhleb the Destroyer
  3167 | D:4      | Reached XP level 7. HP: 49/61 MP: 7/7
  3409 | D:5      | Entered Level 5 of the Dungeon
  3763 | D:5      | Reached skill level 10 in Axes
  3818 | D:5      | Reached * piety under Makhleb
  3818 | D:5      | Reached XP level 8. HP: 40/68 MP: 8/8
  3855 | D:5      | Noticed Sigmund
  3858 | D:5      | Paralysed by Sigmund for 2 turns
  3880 | D:5      | Killed Sigmund
  4087 | D:5      | Noticed a hippogriff
  4101 | D:5      | Killed a hippogriff
  4299 | D:6      | Found a glowing drain.
  4328 | Sewer    | Entered a sewer
  4358 | Sewer    | Noticed Purgy
  4368 | Sewer    | Killed Purgy
  4368 | Sewer    | Reached skill level 5 in Dodging
  4557 | D:6      | Found a white marble altar of Elyvilon.
  4607 | D:6      | Found a basalt altar of Yredelemnul.
  4753 | D:6      | Reached skill level 4 in Shields
  4753 | D:6      | Gained mutation: You passively map the area around you. [Deep Dwarf growth]
  4753 | D:6      | Reached XP level 9. HP: 46/74 MP: 7/7
  5010 | D:7      | Found a flagged portal.
  5022 | D:7      | Reached skill level 5 in Shields
  5057 | Bailey   | Entered a bailey
  5103 | Bailey   | Reached skill level 6 in Shields
  5128 | Bailey   | Reached ** piety under Makhleb
  5336 | Bailey   | Reached *** piety under Makhleb
  5336 | Bailey   | Reached skill level 7 in Shields
  5390 | Bailey   | Noticed an orc knight
  5390 | Bailey   | Noticed an orc warlord
  5391 | Bailey   | Noticed an orc knight
  5516 | D:7      | Reached skill level 8 in Shields
  5569 | D:7      | Noticed Natasha
  5579 | D:7      | Killed Natasha
  5617 | D:7      | Noticed Natasha
  5626 | D:7      | Killed Natasha
  5704 | D:7      | Reached skill level 9 in Shields
  5822 | D:7      | Reached skill level 10 in Shields
  5822 | D:7      | Reached XP level 10. HP: 81/81 MP: 7/7
  5945 | D:7      | Found an iron altar of Okawaru.
  6008 | D:7      | Reached **** piety under Makhleb
  6565 | D:8      | Reached skill level 11 in Shields
  6774 | D:8      | Reached skill level 12 in Shields
  6777 | D:8      | Found a staircase to the Lair.
  7103 | D:8      | Found a shattered altar of Ashenzari.
  7129 | D:8      | Noticed Maurice
  7221 | D:8      | Got a twisted leather armour
  7619 | D:9      | Noticed Blork the orc
  7624 | D:9      | Killed Blork the orc
  7628 | D:9      | Found a deep blue altar of Sif Muna.
  7698 | D:9      | Reached ***** piety under Makhleb
  7908 | D:9      | Found an opulent altar of Gozag.
  8055 | D:9      | Reached skill level 5 in Fighting
  8361 | D:10     | Entered Level 10 of the Dungeon
  8361 | D:10     | Noticed a two-headed ogre
  8379 | D:10     | Killed a two-headed ogre
  8379 | D:10     | Reached XP level 11. HP: 59/99 MP: 8/8
  8507 | D:10     | Found a staircase to the Orcish Mines.
  9047 | D:10     | You fall through a shaft for 2 floors!
  9134 | D:12     | Noticed a tengu warrior
  9192 | D:12     | Killed a tengu warrior
  9213 | D:12     | Reached ****** piety under Makhleb
  9298 | D:12     | Reached skill level 10 in Fighting
  9438 | D:12     | Noticed a white ugly thing
  9449 | D:12     | HP: 5/108 [white ugly thing (44)]
  9449 | D:12     | Slain by a troll

Skill      XL: |  1  2  3  4  5  6  7  8  9 10 11 |
---------------+----------------------------------+-----
Axes           | 3 4 5 7 8 10 11 | 11.3
Dodging        | 5 |  5.3
Shields        | 4 10 12 | 12.1
Fighting       | 6 10 | 10.0
Armour         | |  3.2

Action                   |  1- 3 |  4- 6 |  7- 9 | 10-12 || total
-------------------------+-------+-------+-------+-------++-------
Melee: War axe           |   117 |   145 |   504 |   753 ||  1519
 Abil: Heal Wounds       |       |     4 |    15 |     4 ||    23
Evoke: Wand              |       |       |     1 |     9 ||    10
  Use: Scroll            |    12 |     2 |     6 |     2 ||    22
       Potion            |       |     3 |     6 |     3 ||    12
 Stab: Paralysed         |       |       |     4 |     3 ||     7
       Distracted        |       |       |       |     1 ||     1
  Eat: Ration            |     1 |     1 |     6 |     3 ||    11
       Chunk             |       |       |       |     2 ||     2
Armor: Scale mail        |    49 |    52 |   211 |   281 ||   593
Dodge: Dodged            |    43 |    50 |   216 |   344 ||   653
Block: Shield            |    64 |    73 |   353 |   604 ||  1094
